 Dungeon Crawl Stone Soup version 0.24.0-28-g17ded55e90 (webtiles) character file.

Game seed: 10752458429042829852, levelgen mode: deterministic

79 Delamore the Chopper (level 4, 0/39 HPs)
             Began as a Hill Orc Fighter on Nov 13, 2019.
             Slain by Natasha (3 damage)
             ... on level 2 of the Dungeon.
             The game lasted 00:01:36 (784 turns).

Delamore the Chopper (Hill Orc Fighter)              Turns: 784, Time: 00:01:37

Health: 0/39       AC:  8    Str: 19    XL:     4   Next: 38%
Magic:  4/4        EV:  7    Int:  8    God:
Gold:   130        SH:  9    Dex: 10    Spells: 3/3 levels left

rFire    . . .     SeeInvis .   a - +0 war axe
rCold    . . .     Gourm    .   c - +0 shield
rNeg     . . .     Faith    .   b - +0 scale mail
rPois    .         Spirit   .   (no helmet)
rElec    .         Reflect  .   h - +0 cloak (curse)
rCorr    .         Harm     .   (no gloves)
MR       +....                  (no boots)
Stlth    ..........             (no amulet)
HPRegen  0.13/turn              q - ring of protection from magic
MPRegen  0.09/turn              (no ring)

@: no status effects
A: no striking features
a: no special abilities


You were on level 2 of the Dungeon.
You were not hungry.

You visited 1 branch of the dungeon, and saw 2 of its levels.

You collected 130 gold pieces.

Inventory:

Hand Weapons
 a - a +0 war axe (weapon)
Armour
 b - a +0 scale mail (worn)
 c - a +0 shield (worn)
 h - a cursed +0 cloak (worn)
Jewellery
 q - a ring of protection from magic (left hand)
Wands
 t - a wand of flame (17)
Scrolls
 i - a scroll of fog {unknown}
 j - a scroll of immolation {unknown}
 m - a scroll of identify {unknown}
 o - a scroll of blinking {unknown}
 r - a scroll of teleportation {unknown}
Potions
 d - 2 potions of might
 e - 3 potions of curing {unknown}
 k - a potion of degeneration {unknown}
 l - a potion of lignification {unknown}
 n - a potion of cancellation {unknown}
 p - a potion of flight {unknown}
 s - a potion of magic {unknown}
Comestibles
 f - 2 rations
 g - 4 chunks of flesh


   Skills:
 - Level 3.6 Fighting
 + Level 6.0 Axes
 - Level 3.2 Armour
 - Level 3.2 Shields


You had 3 spell levels left.
You didn't know any spells.
Your spell library was empty.

Dungeon Overview and Level Annotations

Branches:
Dungeon (2/15)

Altars:
Fedhas
Uskayaw

Annotations:
D:2 Natasha


Message History

The worm bites you.
A rat comes into view.
Natasha claws you.
You closely miss Natasha.
Natasha wildly gestures.
Natasha glows brightly for a moment.
Natasha claws you but does no damage.
You miss Natasha. You slash the rat!
You kill the rat!
Natasha claws you.
* * * LOW HITPOINT WARNING * * *
Your shield prevents you from hitting Natasha.
You block Natasha's attack.
You slash Natasha!
Natasha is heavily wounded.
Natasha casts a spell at you. The magic dart hits you.
* * * LOW HITPOINT WARNING * * *
Natasha claws you.
You die...

#.#.. .
#.#.#.#
##.#.#.#####
#..#.#......
#...........
#...........
##.#w#......
#.#h# .#...
#.#@# # .
#.#†# #.#.#
#.#.# #.#.#
#.#.# #.#.#
#.#.# #.#


You could see a worm and Natasha.

Vanquished Creatures
  Natasha (D:2)
  An adder (D:2)
  A dart slug (D:1)
  2 leopard geckos (D:2)
  A ball python (D:2)
  2 giant cockroaches
  4 goblins
  3 hobgoblins
  6 jackals (D:1)
  6 kobolds
  A quokka (D:2)
  4 bats (D:1)
  A frilled lizard (D:1)
  5 rats
38 creatures vanquished.

Notes
Turn   | Place    | Note
-------+----------+-------------------------------------------
     0 | D:1      | Delamore the Hill Orc Fighter began the quest for the Orb.
     0 | D:1      | Reached XP level 1. HP: 19/19 MP: 1/1
    14 | D:1      | Reached skill level 3 in Axes
    48 | D:1      | Reached XP level 2. HP: 26/26 MP: 2/2
    78 | D:1      | Reached skill level 4 in Axes
   241 | D:1      | Reached XP level 3. HP: 31/31 MP: 3/3
   534 | D:2      | Reached skill level 5 in Axes
   581 | D:2      | Found a blossoming altar of Fedhas.
   586 | D:2      | Noticed Natasha
   593 | D:2      | Killed Natasha
   593 | D:2      | Reached XP level 4. HP: 34/39 MP: 4/4
   633 | D:2      | Found a hide-covered altar of Uskayaw.
   761 | D:2      | Reached skill level 6 in Axes
   771 | D:2      | Noticed Natasha
   784 | D:2      | Slain by Natasha

Levels and vault maps discovered:
D:1:      lightli_arrival_statuegarden, layout_rooms
D:2:      layout_basic, grunt_gozag_statues, eat_drink_and_be_merry_uskayaw,
          serial_corexii_hall, corexii_hall_statues_l,
          chequers_hall_statues_corner_a, corexii_hall_statues_l,
          chequers_hall_statues_corner_a, fedhas_altar_1, uniq_natasha

Skill      XL: |  1  2  3  4 |
---------------+-------------+-----
Axes           | 3 4 5 6 |  6.0
Fighting       | |  3.6
Armour         | |  3.2
Shields        | |  3.2

Action                   |  1- 3 |  4- 6 || total
-------------------------+-------+-------++-------
Melee: War axe           |    66 |    32 ||    98
Armor: Scale mail        |    37 |    12 ||    49
Dodge: Dodged            |    20 |    10 ||    30
Block: Shield            |    39 |     9 ||    48
